 Dungeon Crawl Stone Soup version 0.26.1-11-gd32895ea62 (webtiles) character file.

Game seed: 16736714428237724974

751 Zeld the Cutter (level 7, -1/33 HPs)
             Began as a Spriggan Brigand on June 3, 2021.
             Killed by nerve-wracking pain
             ... invoked by a shadow imp
              (14 damage)
             ... on level 5 of the Dungeon.
             The game lasted 00:10:11 (11132 turns).

Zeld the Cutter (Spriggan Brigand)                 Turns: 11132, Time: 00:10:11

Health: -1/33      AC:  4    Str:  7    XL:     7   Next: 49%
Magic:  8/8        EV: 17    Int: 13    God:
Gold:   194        SH:  0    Dex: 19    Spells: 6/6 levels left

rFire    . . .     SeeInvis +   a - +2 dagger
rCold    . . .     Faith    .   (shield restricted)
rNeg     . . .     Spirit   .   b - +0 robe
rPois    .         Reflect  .   s - +1 hat
rElec    .         Harm     .   r - +0 cloak (curse)
rCorr    .         Rampage  .   (gloves unavailable)
Will     +....                  (boots unavailable)
Stlth    +++.......             (no amulet)
HPRegen  0.11/turn              (no ring)
MPRegen  0.11/turn              (no ring)

@: very quick
A: very small, unfitting armour, see invisible, speed 3
a: no special abilities


You were on level 5 of the Dungeon.
You visited 1 branch of the dungeon, and saw 5 of its levels.
You visited the Abyss 1 time.

You collected 194 gold pieces.

Inventory:

Hand Weapons
 a - a +2 dagger (weapon)
Missiles
 d - 28 poisoned darts (quivered)
 e - 2 curare-tipped darts
 n - 2 atropa-tipped darts
Armour
 b - a +0 robe (worn)
 r - a cursed +0 cloak (worn)
 s - a +1 hat (worn)
 z - a +0 cloak
 A - a +1 cloak
Jewellery
 g - a cursed -4 ring of evasion {unknown}
 v - an uncursed amulet of regeneration {unknown}
 x - an uncursed ring of see invisible {unknown}
Wands
 w - a wand of flame (14)
Scrolls
 c - 2 scrolls of teleportation {unknown}
 f - 2 scrolls of remove curse {unknown}
 j - a scroll of amnesia {unknown}
 k - 2 scrolls of immolation {unknown}
 m - 5 scrolls of enchant armour {unknown}
 p - a scroll of magic mapping {unknown}
 q - 5 scrolls of identify {unknown}
 u - 2 scrolls of fog {unknown}
 y - a scroll of blinking {unknown}
Potions
 h - 2 potions of heal wounds {unknown}
 i - a potion of curing {unknown}
 l - a potion of lignification {unknown}
 o - a potion of flight {unknown}
 t - a potion of brilliance {unknown}


   Skills:
 - Level 1.5 Fighting
 * Level 7.0 Short Blades
 - Level 6.0 Throwing
 - Level 1.5 Dodging
 - Level 5.8 Stealth


You had 6 spell levels left.
You didn't know any spells.
Your spell library was empty.

Dungeon Overview and Level Annotations

Branches:
Dungeon (5/15)
 Temple: D:4-7

Altars:
Gozag
Wu Jian


Innate Abilities, Weirdness & Mutations

You are very small and have problems with some larger weapons.
You are too small for most types of armour.
You have supernaturally acute eyesight. (SInv)
You cover ground extremely quickly.


Message History

The shadow imp is severely wounded.
You hear a shout!
You closely miss the shadow imp.
The shadow imp is severely wounded.
The shadow imp hits you but does no damage.
You hit the shadow imp but do no damage.
The shadow imp is severely wounded.
The orc wizard casts a spell.
The orc wizard blinks!
You hit the shadow imp.
The shadow imp is almost dead.
The shadow imp hits you.
You hit the shadow imp but do no damage.
The shadow imp is almost dead.
The shadow imp gestures at you. Pain shoots through your body!
You are too injured to fight recklessly!
The shadow imp gestures at you. Pain shoots through your body!
You die...

#......(..# #.# #
#..#####..###########.#
#
#..#####..#........##.#
#
#...........######.##.#
# ##..#.#.o...#
####.##.# ##
#..#.#....)###.......#
##.
#.......o.ยง....##.####
#.. ##.###.#.#5######.#
#.. #.....#.#...@....#
#.. #######.##########
##. ####)#### ##
#...)...# #.##.##.#
#.......# #..###..#
..... #....$... ####.
#..#####.


You could see a shadow imp.

Vanquished Creatures
  Eustachio (D:3)
  Edmund (D:4)
  A howler monkey (D:5)
  An iguana (D:5)
  6 orc wizards
  3 worker ants (D:4)
  9 adders
  A white imp (D:5)
  2 oozes
  2 worms
  3 dart slugs
  4 leopard geckos
  8 orcs
  6 giant cockroaches
  14 goblins
  2 hobgoblins (D:1)
  12 jackals
  A quokka (D:4)
  A ball python (D:2)
  6 bats
  4 frilled lizards
  A jackal skeleton (D:4)
  3 kobolds (D:3)
  8 rats
100 creatures vanquished.

Notes
Turn   | Place    | Note
-------+----------+-------------------------------------------
     0 | D:1      | Zeld the Spriggan Brigand began the quest for the Orb.
     0 | D:1      | Reached XP level 1. HP: 10/10 MP: 2/2
   364 | D:1      | Reached XP level 2. HP: 8/14 MP: 3/3
  1643 | D:1      | You fall into a shaft and drop 1 floor!
  1674 | D:2      | Reached XP level 3. HP: 18/18 MP: 4/4
  2298 | D:2      | Reached XP level 4. HP: 20/22 MP: 5/5
  3420 | D:3      | Reached skill level 5 in Throwing
  3986 | D:3      | Reached XP level 5. HP: 25/25 MP: 6/6
  4246 | D:3      | Found an opulent altar of Gozag.
  4289 | D:3      | Found an ornate altar of the Wu Jian Council.
  4325 | D:3      | Noticed a spectral centipede
  4325 | D:3      | Noticed a spectral black mamba
  4325 | D:3      | Noticed a spectral cane toad
  5957 | D:4      | Noticed Edmund
  5976 | D:4      | Noticed Eustachio
  6322 | D:4      | Reached skill level 3 in Short Blades
  7157 | D:3      | Killed Eustachio
  7158 | D:3      | Reached skill level 4 in Short Blades
  7158 | D:3      | Reached XP level 6. HP: 18/30 MP: 7/7
  7641 | D:4      | Reached skill level 5 in Short Blades
  7810 | D:4      | Killed Edmund
  7811 | D:4      | Reached skill level 6 in Short Blades
  7811 | D:4      | Reached XP level 7. HP: 16/33 MP: 8/8
  9710 | D:5      | Entered Level 5 of the Dungeon
 10227 | D:5      | Found an opulent altar of Gozag.
 10837 | D:5      | Reached skill level 7 in Short Blades
 11066 | D:5      | Cast into level 1 of the Abyss (orc wizard)
 11121 | D:5      | Escaped the Abyss
 11132 | D:5      | Killed from afar by a shadow imp

Illustrated notes

Levels and vault maps discovered:
D:1:      dpeg_arrival_solitude, layout_basic, grunt_decor_cap
D:2:      layout_loops_ring, minmay_cupped
D:3:      layout_loops_cross, pdpol_wu_jian_five_deadly_venoms,
          marbit_many_paths
D:4:      layout_cave_pools, grunt_ministairs_12, uniq_edmund, uniq_eustachio
D:5:      layout_loops_corners, basic_altar

Skill      XL: |  1  2  3  4  5  6  7 |
---------------+----------------------+-----
Throwing       | 3 4 5 6 |  6.0
Short Blades   | 4 6 7 |  7.0
Fighting       | |  1.5
Dodging        | |  1.5
Stealth        | |  5.8

Action                   |  1- 3 |  4- 6 |  7- 9 || total
-------------------------+-------+-------+-------++-------
Melee: Dagger            |   149 |   322 |   159 ||   630
Throw: Dart              |       |    15 |       ||    15
 Stab: Sleeping          |     7 |    11 |     4 ||    22
       Distracted        |       |     1 |     1 ||     2
Armor: Robe              |    22 |    27 |    11 ||    60
Dodge: Dodged            |   141 |   225 |    95 ||   461
